 Dungeon Crawl Stone Soup version 0.30.0-13-g156ef70053 (webtiles) character file.

Game seed: 10150213264815225913

84 JanusIIV the Conjurer (level 4, -2/54 HPs)
             Began as a Naga Conjurer on May 18, 2023.
             Slain by a shadow imp (3 damage)
             ... summoned by Eustachio
             ... on level 4 of the Dungeon.
             The game lasted 00:06:08 (2444 turns).

JanusIIV the Conjurer (Naga Conjurer)               Turns: 2444, Time: 00:06:09

Health: -2/54      AC: 22    Str:  8    XL:     4   Next: 45%
Magic:  7/7        EV:  1    Int: 19    God:
Gold:   211        SH:  0    Dex: 14    Spells: 6/7 levels left

rFire   . . .        d - +0 mace
rCold   . . .        (no shield)
rNeg    . . .        j - melded +0 leather armour
rPois   +            (helmet currently unavailable)
rElec   .            (cloak currently unavailable)
rCorr   .            (gloves currently unavailable)
SInv    +            (no barding)
Will    .....        (no amulet)
Stlth   ++           f - ring of wizardry
HPRegen 0.29/turn    (no ring)
MPRegen 0.10/turn

%: wizardry (x1)
@: tree-form
A: stationary, stasis, torment immunity, boosted hp, AC +1, large, see
invisible, (deformed body), (poison resistance), (slowness 2), spit poison 1,
(naga tail 1), agile 1
a: Spit Poison


You were on level 4 of the Dungeon.
You were a tree.
You visited 1 branch of the dungeon, and saw 4 of its levels.

You collected 211 gold pieces.

Inventory:

Hand Weapons
 d - a +0 mace (weapon)
Armour
 a - a +0 robe
 c - a +1 helmet
 j - a +0 leather armour (melded)
 n - a +0 ring mail
Jewellery
 f - a ring of wizardry (left branch)
Scrolls
 e - 2 scrolls of enchant weapon {unknown}
 g - 3 scrolls of identify {unknown}
 k - 3 scrolls of teleportation {unknown}
 o - a scroll of noise {unknown}
 s - a scroll of poison {unknown}
 t - a scroll of amnesia {unknown}
 u - a scroll of blinking {unknown}
Potions
 p - a potion of berserk rage {unknown}
 q - 2 potions of lignification
 r - a potion of curing {unknown}
 v - a potion of attraction {unknown}


   Skills:
 - Level 1.5 Dodging
 - Level 3.0 Stealth
 - Level 2.0 Spellcasting
 + Level 5.8 Conjurations


You had 6 spell levels left.
You knew the following spells:

 Your Spells              Type           Power      Damage    Failure   Level
a - Magic Dart            Conj           96%        1d7       1%          1

Your spell library contained the following spells:

 Spells                   Type           Power      Damage    Failure   Level
 Searing Ray              Conj           48%        2d6       1%          2
 Shock                    Conj/Air       48%        1d6       2%          1
 Static Discharge         Conj/Air       24%        2-3/arc   3%          2
 Dazzling Flash           Conj/Hex       24%        N/A       6%          3
 Hailstorm                Conj/Ice       12%        3d5       6%          3
 Beastly Appendage        Tmut           2%         N/A       7%          1
 Freeze                   Ice            4%         1d3       7%          1
 Wereblood                Tmut           1%         N/A       11%         2
 Frozen Ramparts          Ice            2%         1d1       21%         3
 Spider Form              Tmut/Pois      1%         N/A       21%         3
 Swiftness                Air            1%         N/A       21%         3
 Fulminant Prism          Conj/Hex       6%         3d7       21%         4
 Iskenderun's Mystic Bla  Conj/Tloc      12%        2d5       21%         4
 Airstrike                Air            0%         2d(1-17)  52%         4
 Summon Lightning Spire   Summ/Air       1%         N/A       52%         4


Dungeon Overview and Level Annotations

Branches:
Dungeon (4/15)
 Temple: D:4-7

Altars:
Ru

Annotations:
D:4 Eustachio


Innate Abilities, Weirdness & Mutations

You are a tree.
Your roots penetrate the ground, keeping you stationary.
You cannot be teleported.
You are immune to unholy pain and torment.
Your maximum health is greatly increased.
Your equipment is partially melded.
((Your serpentine skin is tough. (AC +1)))
You have supernaturally acute eyesight. (SInv)
((Armour fits poorly on your strangely shaped body.))
((Your system is resistant to poisons. (rPois)))
((You cover ground very slowly.))
You can spit poison.
((You have a snake-like lower body.))
You are agile. (Dex +4, Str/Int -1)


Message History

The shadow imp shouts, "Slither home, thou cockered hedge-born foot-licker!"
The shadow imp hits you.
* * * LOW HITPOINT WARNING * * *
The iguana moves out of view.
As you read the scroll labelled UZAHUC USTAPP, it crumbles to dust.
It is a scroll of enchant armour.
Your +0 helmet glows green for a moment.
The ufetubus hits you but does no damage. x2
The ball python bites you but does no damage.
The ufetubus hits you.
* * * LOW HITPOINT WARNING * * *
The ufetubus hits you but does no damage.
The orc hits you but does no damage.
The hobgoblin hits you but does no damage.
The iron imp hits you but does no damage.
The shadow imp hits you but does no damage. x2
This is a scroll of acquirement!
Something appears before you!
The ufetubus hits you but does no damage. x2
The ball python bites you but does no damage.
Eustachio screams, "At last I'll have my revenge!"
The hobgoblin hits you but does no damage.
The orc hits you with a +0 morningstar.
* * * LOW HITPOINT WARNING * * *
The shadow imp hits you but does no damage. x2
It was a potion of mutation.
You feel extremely strange.
You feel stupid.
You feel agile.
You feel clever.
The ufetubus hits you but does no damage.
The ufetubus completely misses you.
The ball python bites you but does no damage.
The iron imp hits you but does no damage.
The ufetubus hits you but does no damage.
The ufetubus hits you.
* * * LOW HITPOINT WARNING * * *
The orc hits you but does no damage.
The hobgoblin hits you but does no damage.
The shadow imp hits you but does no damage.
The ball python bites you but does no damage.
The shadow imp hits you.
You die...

S........## .
#.........# .....
#..........
.......#......l...
........#..........
..........†........
........##o......#.
#....)...S5go......
#......@.♣oo......
#....<..555.......
..#..#..r.......#
#.#........######
#.#....#...#
#.......#..#
#.####.#........#
#..........#..#.#
#####...........#


You could see Eustachio, an iguana, an iron imp (summoned), 2 shadow imps, 4
orcs, an ufetubus, a hobgoblin, a ball python and a rat (summoned).

Vanquished Creatures
  2 adders
  A worm (D:2)
  6 ball pythons
  5 bats
  10 endoplasms
  5 giant cockroaches
  6 goblins
  2 hobgoblins
  5 jackals
  A frilled lizard (D:2)
  4 kobolds
  5 rats
52 creatures vanquished.

Notes
Turn   | Place    | Note
-------+----------+-------------------------------------------
     0 | D:1      | JanusIIV the Naga Conjurer began the quest for the Orb.
     0 | D:1      | Reached XP level 1. HP: 15/15 MP: 3/3
   263 | D:1      | Reached XP level 2. HP: 22/22 MP: 1/5
  1182 | D:2      | Reached XP level 3. HP: 28/28 MP: 3/6
  1247 | D:2      | Reached skill level 5 in Conjurations
  1445 | D:2      | Found a faded altar of an unknown god.
  1683 | D:3      | Reached XP level 4. HP: 35/36 MP: 3/7
  2287 | D:3      | Found a sacrificial altar of Ru.
  2424 | D:4      | Noticed Eustachio
  2443 | D:4      | Identified a scroll of acquirement
  2443 | D:4      | Acquired the staff of conjuration "Ucimnecs" {+Blink rF+}
  2443 | D:4      | HP: 2/54 [orc/+0 morningstar (5)]
  2444 | D:4      | Gained mutation: You are dopey. (Int -2) [potion of
                  | mutation]
  2444 | D:4      | Gained mutation: You are agile. (Dex +4, Str/Int -1)
                  | [potion of mutation]
  2444 | D:4      | Lost mutation: You are dopey. (Int -2) [potion of mutation]
  2444 | D:4      | Slain by a shadow imp

Illustrated notes

Levels and vault maps discovered:
D:1:      tarquinn_simple_flora_water_d, layout_basic
D:2:      layout_rooms, hellmonk_ecumenical_altar_run_dry, hex_large
D:3:      layout_rooms, mainiacjoe_overflow_alcove_4, kennysheep_generic_room_13
D:4:      layout_rooms, minmay_temple_entry_nine_rooms, uniq_eustachio,
          uniq_robin

Skill      XL: |  1  2  3 |
---------------+----------+-----
Conjurations   | 5 |  5.8
Dodging        | |  1.5
Stealth        | |  3.0
Spellcasting   | |  2.0

Action                     |  1- 3 |  4- 6 || total
---------------------------+-------+-------++-------
  Melee: Mace              |     8 |     5 ||    13
   Cast: Magic Dart        |    57 |    34 ||    91
Ability: Spit Poison       |     6 |     8 ||    14
    Use: Potion            |       |     4 ||     4
         Scroll            |       |     2 ||     2
 Armour: Robe              |     1 |       ||     1
         Leather armour    |     2 |     1 ||     3
         Skin              |       |    85 ||    85
  Dodge: Dodged            |     6 |    11 ||    17
